 Dungeon Crawl Stone Soup version 0.31-a0-102-g33a4ccc0cb (webtiles) character file.

Game seed: 17768975282514581944

5604 Drazool the Basher (level 10, 0/77 HPs)
             Began as a Ghoul Fighter on May 26, 2023.
             Was an Initiate of Okawaru.
             Slain by a yak (11 damage)
             ... on level 9 of the Dungeon.
             The game lasted 00:27:12 (9031 turns).

Drazool the Basher (Ghoul Fighter)                  Turns: 9031, Time: 00:27:12

Health: 0/77       AC: 15    Str: 25    XL:     10   Next: 73%
Magic:  9/9        EV:  8    Int:  3    God:    Okawaru [......]
Gold:   424        SH:  4    Dex:  8    Spells: 9/9 levels left

rFire   + . .        a - +0 flail (heavy)
rCold   + . .        c - +0 buckler
rNeg    + + +        h - +2 chain mail {rPois}
rPois   ∞            (no helmet)
rElec   .            x - +1 cloak
rCorr   .            A - +1 pair of gloves
SInv    +            (no boots)
Will    .....        (no amulet) Stlth
                     F - ring of protection from fire
HPRegen 0.00/turn    v - ring of see invisible
MPRegen 0.11/turn

%: no passive effects
@: inhibited regen
A: claws 1, cold resistance 1, negative energy resistance 3, inhibited
regeneration, torment resistance 2, devour on kill
a: Renounce Religion


You were on level 9 of the Dungeon.
You worshipped Okawaru.
Okawaru was noncommittal.
You visited 2 branches of the dungeon, and saw 10 of its levels.
You also visited: Sewer.

You collected 456 gold pieces.
You spent 32 gold pieces at shops.


Innate Abilities, Weirdness & Mutations

You are immune to poison.
You have sharp fingernails.
Your flesh is cold resistant. (rC+)
You are immune to negative energy. (rN+++)
You do not regenerate when monsters are visible.
You are immune to unholy pain and torment.
You thrive by killing the living.


   Skills:
 - Level 3.2 Fighting
 + Level 14.3 Maces & Flails
 - Level 2.6 Armour
 - Level 2.6 Shields


You had 9 spell levels left.
You didn't know any spells.
Your spell library contained the following spells:

 Spells                   Type           Power      Damage    Failure   Level
 Ozocubu's Armour         Ice            0%         N/A       100%        3
 Metabolic Englaciation   Hex/Ice        0%         N/A       100%        5
 Simulacrum               Ice/Necr       Unusable   N/A       N/A         6

Inventory:

Hand Weapons
 a - a +0 heavy flail (weapon)
 k - the +5 whip "Xaxkug" {pain, *Noise Str+4 Stlth+}
   (You found it on level 2 of the Dungeon)

   Str:       It affects your strength (+4).
   *Noise:    It may make noises in combat.
   Stlth:     It makes you more stealthy.
Missiles
 l - 3 javelins (quivered)
 u - 3 curare-tipped darts {=f}
 K - 13 poisoned darts
Armour
 b - a +0 scale mail
 c - a +0 buckler (worn)
 h - a +2 chain mail of poison resistance (worn)
 x - a +1 cloak (worn)
 y - a +0 helmet
 A - a +1 pair of gloves (worn)
Magical Staves
 G - a staff of conjuration {!a}
Jewellery
 v - a ring of see invisible (right hand)
 C - the ring "Caczah" {Wiz rPois rC- Int+7 Dex+4}
   (You found it on level 5 of the Dungeon)

   [ring of wizardry]

   It improves your spell success rate.
   Int:       It affects your intelligence (+7).
   Dex:       It affects your dexterity (+4).
   rC:        It makes you vulnerable to cold.
   rPois:     It protects you from poison.
 F - a ring of protection from fire (left hand)
Wands
 w - a wand of light (22)
 E - a wand of roots (18)
Scrolls
 g - 5 scrolls of teleportation {@r2}
 i - 2 scrolls of amnesia
 p - 2 scrolls of vulnerability
 q - 2 scrolls of enchant weapon
 s - a scroll of blinking
 t - 3 scrolls of immolation
 D - a scroll of poison
 H - a scroll of fear
Potions
 d - a potion of might
 e - 3 potions of curing {@q1}
 f - 3 potions of attraction {unknown}
 j - 3 potions of heal wounds {unknown}
 m - 4 potions of enlightenment {unknown}
 n - 2 potions of haste {unknown}
 o - a potion of resistance
 r - a potion of magic {unknown}
 z - 3 potions of lignification {unknown}
 B - a potion of mutation {unknown}
 J - 2 potions of ambrosia {unknown}

Dungeon Overview and Level Annotations

Branches:
Dungeon (9/15)             Temple (1/1) D:7           Sewer (visited)
   Lair: D:8-11         Orc: D:9-12

Altars:
Ashenzari
Cheibriados
Dithmenos
Fedhas
Gozag
Hepliaklqana
Kikubaaqudgha
Makhleb
Nemelex Xobeh
Okawaru
Qazlal
Ru
Sif Muna
Trog
Uskayaw
Vehumet
Wu Jian
Xom
Yredelemnul

Shops:
D:8 =   D:9 *

Annotations:
D:5 1 runed translucent door, Crazy Yiuf

#.......... #....
#.......... #....
#.......... ....#
#.......... ###.
#.......... #
#.#........
#....####### #....#
..... #..@Y#......
#.##Y'......
#....#...... #....#
..... #..#.# ....
#..#.# ...
#....##############
#.................##
#..#..........##..'.


You could see 2 yaks.


Message History

The yak is heavily wounded.
The yak gores you! x2; The yak gores you but does no damage.
You closely miss the yak.
The yak is heavily wounded.
The yak gores you but does no damage. The yak gores you.
You block the yak's attack.
You completely miss the yak.
The yak is heavily wounded.
The yak gores you. The yak barely misses you. The yak gores you.
* * * LOW HITPOINT WARNING * * *
The yak gores you!
* * * LOW HITPOINT WARNING * * *
The yak gores you!
* * * LOW HITPOINT WARNING * * *
The yak gores you.
* * * LOW HITPOINT WARNING * * *
The yak closely misses you.
You bludgeon the yak!!
You kill the yak!
Okawaru accepts your kill.
You feel better.
You sock the yak!
The yak is moderately wounded.
The yak gores you!
* * * LOW HITPOINT WARNING * * *
Unknown command.
You hit the yak but do no damage.
The yak is moderately wounded.
The yak gores you!
You die...

Skill      XL: |  1  2  3  4  5  6  7  8  9 10 |
---------------+-------------------------------+-----
Maces & Flails | 2 3 4 5 6 8 10 12 14 | 14.3
Fighting       | |  3.2
Armour         | |  2.6
Shields        | |  2.6

Action                     |  1- 3 |  4- 6 |  7- 9 | 10-12 || total
---------------------------+-------+-------+-------+-------++-------
  Melee: Flail             |   122 |   206 |   234 |   166 ||   728
  Throw: Javelin           |     4 |       |     4 |       ||     8
    Use: Scroll            |     4 |     4 |     3 |     6 ||    17
         Potion            |       |       |     2 |     1 ||     3
 Armour: Scale mail        |    44 |       |       |       ||    44
         Chain mail        |    15 |   141 |   170 |    95 ||   421
  Dodge: Dodged            |    50 |   107 |   106 |    85 ||   348
  Block: Buckler           |    24 |    45 |    45 |    27 ||   141

Levels and vault maps discovered:
D:1:      dpeg_arrival_simpleton_c, layout_rooms
D:2:      layout_rooms, minmay_tetromino_t2
D:3:      layout_rooms, mainiacjoe_overflow_catch_the_wave
D:4:      layout_loops_corners, mainiacjoe_overflow_cross_hatched,
          portal_sewer_entry_f, corexii_checkpoint_b, uniq_robin
D:5:      layout_loops_ring, grunt_ministairs_9, kennysheep_nondescript,
          serial_bayou_pond_e, eino_tiny_chamber,
          chequers_serial_rivers_micro_a, kennysheep_opposing_triangles,
          uniq_crazy_yiuf_cottage
D:6:      layout_loops_corners, minmay_misc_feat_pillars,
          nicolae_concentric_dashed_squares_wild
D:7:      layout_basic, mainiacjoe_overflow_catwalk,
          minmay_temple_entry_enclosed_plants, uniq_joseph, uniq_duvessa,
          uniq_prince_ribbit1, uniq_maggie
D:8:      layout_gridville, nicolae_ashenzari_skybound, serial_shops,
          nicolae_shop_tiny_waterfront
D:9:      layout_stronghold, grunt_temple_overflow_open, nicolae_alphabet_shops,
          amcnicky_mini_corridor_feature
Temple:   cyrus_circular_temple

Notes
Turn   | Place    | Note
-------+----------+-------------------------------------------
     0 | D:1      | Drazool the Ghoul Fighter began the quest for the Orb.
     0 | D:1      | Reached XP level 1. HP: 19/19 MP: 0/0
    28 | D:1      | Reached skill level 2 in Maces & Flails
    98 | D:1      | Reached XP level 2. HP: 26/26 MP: 1/1
   271 | D:1      | Reached skill level 3 in Maces & Flails
   311 | D:1      | Reached XP level 3. HP: 21/31 MP: 2/2
   686 | D:2      | Identified the +5 whip "Xaxkug" {pain, *Noise Str+4 Stlth+}
  1125 | D:3      | Reached XP level 4. HP: 34/38 MP: 3/3
  1212 | D:3      | Found a blossoming altar of Fedhas.
  1228 | D:3      | Found a basalt altar of Yredelemnul.
  1346 | D:3      | Reached skill level 4 in Maces & Flails
  1743 | D:4      | Found a glowing drain.
  1773 | Sewer    | Entered a sewer
  1921 | Sewer    | Reached XP level 5. HP: 45/45 MP: 4/4
  2101 | Sewer    | Noticed a kobold brigand
  2117 | Sewer    | Killed a kobold brigand
  2118 | Sewer    | Reached skill level 5 in Maces & Flails
  2175 | Sewer    | Noticed a kobold brigand
  2195 | Sewer    | Killed a kobold brigand
  2196 | Sewer    | Reached XP level 6. HP: 39/51 MP: 5/5
  2437 | D:4      | Found a hazy altar of Hepliaklqana.
  2493 | D:4      | Noticed Robin
  2684 | D:4      | Reached skill level 6 in Maces & Flails
  3288 | D:4      | Killed Robin
  3510 | D:5      | Entered Level 5 of the Dungeon
  3524 | D:5      | Reached XP level 7. HP: 46/57 MP: 6/6
  3642 | D:5      | Reached skill level 7 in Maces & Flails
  3888 | D:5      | Identified the ring "Caczah" {Wiz rPois rC- Int+7 Dex+4}
  3990 | D:5      | Reached skill level 8 in Maces & Flails
  4158 | D:5      | Reached XP level 8. HP: 63/63 MP: 7/7
  4295 | D:5      | Found a runed translucent door.
  4296 | D:5      | Noticed Crazy Yiuf
  4595 | D:6      | You fall into a shaft and drop 2 floors!
  4839 | D:8      | Reached skill level 9 in Maces & Flails
  4992 | D:7      | Noticed a boulder beetle
  5004 | D:7      | Killed a boulder beetle
  5005 | D:7      | Reached skill level 10 in Maces & Flails
  5005 | D:7      | Reached XP level 9. HP: 9/70 MP: 8/8
  5556 | D:6      | Reached skill level 11 in Maces & Flails
  6138 | D:6      | Identified the +0 leather armour "Neuw" {rN+}
  6323 | D:7      | Noticed Joseph
  6335 | D:7      | Killed Joseph
  6336 | D:7      | Reached skill level 12 in Maces & Flails
  6368 | D:7      | Noticed Prince Ribbit
  6446 | D:6      | Killed Prince Ribbit
  6508 | D:7      | Found a staircase to the Ecumenical Temple.
  6516 | Temple   | Entered the Ecumenical Temple
  6775 | D:7      | Noticed Dowan
  6775 | D:7      | Noticed Duvessa
  6794 | D:7      | Killed Duvessa
  6795 | D:7      | Reached XP level 10. HP: 51/77 MP: 9/9
  6798 | D:7      | Killed Dowan
  6872 | D:7      | Found an opulent altar of Gozag.
  6880 | D:7      | Noticed Maggie
  6898 | D:7      | Killed Maggie
  6899 | D:7      | Reached skill level 13 in Maces & Flails
  7461 | D:8      | Found Ockuywno's Jewellery Emporium.
  7904 | D:8      | Found a broken altar of Ashenzari.
  8297 | D:9      | Found a snail-covered altar of Cheibriados.
  8297 | D:9      | Found a radiant altar of Vehumet.
  8297 | D:9      | Found a shadowy altar of Dithmenos.
  8298 | D:9      | Found an iron altar of Okawaru.
  8324 | D:9      | Became a worshipper of Warmaster Okawaru
  8475 | D:9      | Reached skill level 14 in Maces & Flails
  8900 | D:9      | Found Ieaqolof's Incredible Inventory.
  8908 | D:9      | Bought a scroll of identify for 32 gold pieces
  9031 | D:9      | Slain by a yak

Vanquished Creatures
  A boulder beetle (D:7)
  Joseph (D:7)
  Maggie (D:7)
  A troll (D:9)
  Prince Ribbit (D:6)
  A wyvern (D:7)
  A yak (D:9)
  2 steam dragons
  2 water moccasins (D:6)
  Duvessa (D:7)
  2 orc warriors
  2 black bears
  2 ice beasts
  An ogre (D:5)
  A phantom (D:6)
  A gnoll sergeant (D:9)
  4 kobold brigands
  A scorpion (D:5)
  13 wights
  Dowan (D:7)
  8 killer bees
  A howler monkey (D:5)
  6 hounds (D:5)
  3 orc priests
  A jelly (D:6)
  2 orc wizards
  3 sleepcaps
  4 iguanas
  Robin (D:4)
  11 gnolls
  13 adders
  2 white imps (D:6)
  3 ufetubi
  3 worms
  4 dart slugs
  25 orcs
  2 bats
  12 endoplasms
  7 giant cockroaches
  16 goblins
  7 hobgoblins
  4 jackals (D:1)
  17 kobolds
  4 quokkas
  12 ball pythons
  3 frilled lizards
  6 rats
220 creatures vanquished.

Vanquished Creatures (others)
  An orc wizard (D:6)
1 creature vanquished.

Grand Total: 221 creatures vanquished

Table legend: (Time is in decaauts)
 A = Elapsed time spent in this place.
 B = Non-inter-level travel time spent in this place.
 C = Inter-level travel time spent in this place.
 D = Time resting spent in this place.
 E = Time spent auto-exploring this place.
 F = Levels seen in this place.
 G = Mean time per level.
                   A        B        C        D        E       F      G
               +--------+--------+--------+--------+--------+-----+--------+
         Total |   9448 |   9157 |    291 |   1119 |   5717 |  11 |  858.9 |
       Dungeon |   8647 |   8365 |    282 |   1045 |   5322 |   9 |  960.8 |
        Temple |     57 |     48 |      9 |      0 |     35 |   1 |   57.0 |
         Sewer |    743 |    743 |      0 |     74 |    360 |   1 |  743.0 |
               +--------+--------+--------+--------+--------+-----+--------+

Top non-repeatable levels by time:
     D:4: 1331 daAuts
     D:8: 1265 daAuts
     D:6: 1256 daAuts
     D:7: 1204 daAuts
     D:5: 1126 daAuts
     D:3: 757 daAuts
   Sewer: 743 daAuts
     D:9: 737 daAuts
     D:1: 511 daAuts
     D:2: 456 daAuts
  Temple: 57 daAuts

Table legend:
 A = Non-vault XP
 B = Vault XP
 C = Vault XP percentage of total XP
 D = Non-vault monster count
 E = Vault monster count
 F = Vault count percentage of total count
                 A         B        C        D         E       F
            +---------+---------+-------+---------+---------+-------
      Total |    6118 |    1888 |  23.6 |     174 |      47 |  21.3
            +---------+---------+-------+---------+---------+-------
        D:1 |      39 |       0 |   0.0 |      22 |       0 |   0.0
        D:2 |      38 |       0 |   0.0 |      14 |       0 |   0.0
        D:3 |      41 |       0 |   0.0 |      10 |       0 |   0.0
        D:4 |     161 |      49 |  23.3 |      23 |      19 |  45.2
        D:5 |     455 |     268 |  37.1 |      26 |       6 |  18.8
        D:6 |     937 |     259 |  21.7 |      20 |       1 |   4.8
        D:7 |    1978 |    1081 |  35.3 |      22 |       4 |  15.4
        D:8 |    1420 |       0 |   0.0 |      26 |       0 |   0.0
        D:9 |    1049 |       0 |   0.0 |      11 |       0 |   0.0
      Sewer |       0 |     231 | 100.0 |       0 |      17 | 100.0
            +---------+---------+-------+---------+---------+-------
